 Dungeon Crawl Stone Soup version 0.31.0-32-g396128a36d (webtiles) character file.

Game seed: 12115121130469264915

21 Peloso the Shield-Bearer (level 2, 27/27 HPs)
             Began as a Minotaur Fighter on Apr 16, 2024.
             Got out of the dungeon alive.
             The game lasted 00:01:16 (1409 turns).

Peloso the Shield-Bearer (Minotaur Fighter)         Turns: 1409, Time: 00:01:17

Health: 27/27      AC:  9    Str: 20    XL:     2   Next: 65%
Magic:  1/1        EV:  7    Int:  5    God:
Gold:   31         SH:  4    Dex:  7    Spells: 1/1 levels left

rFire   . . .        a - +0 long sword
rCold   . . .        c - +0 buckler
rNeg    . . .        g - +0 chain mail
rPois   .            (helmet restricted)
rElec   .            (no cloak)
rCorr   .            (no gloves)
SInv    .            (no boots)
Will    .....        (no amulet) Stlth
                     (no ring)
HPRegen 0.24/turn    (no ring)
MPRegen 0.07/turn

%: no passive effects
@: no status effects
A: horns 2, retaliatory headbutt, clumsy 1
a: no special abilities


You escaped.
You visited 1 branch of the dungeon, and saw 1 of its levels.

You collected 31 gold pieces.

Inventory:

Hand Weapons
 a - a +0 long sword (weapon)
Armour
 b - a +0 scale mail
 c - a +0 buckler (worn)
 g - a +0 chain mail (worn)
Scrolls
 e - 2 scrolls of fear
Potions
 d - 3 potions of might
 j - a potion of ambrosia {unknown}


   Skills:
 + Level 4.0 Fighting
 + Level 2.6 Long Blades
 + Level 3.9 Armour
 + Level 0.2 Dodging
 + Level 4.1 Shields


You had one spell level left.
You didn't know any spells.
Your spell library was empty.

Dungeon Overview and Level Annotations

Branches:
Dungeon (1/15)

Altars:


Innate Abilities, Weirdness & Mutations

You have a pair of horns on your head.
You reflexively headbutt those who attack you in melee.
You are clumsy. (Dex -2)


Message History

Partly explored, can't reach some places.
Partly explored, can't reach some places.
Partly explored, can't reach some places.
Partly explored, can't reach some places.
As you read the scroll labelled XACVETRO IDEN, it crumbles to dust.
You assume a fearsome visage.
Nothing appears to happen.
It was a scroll of fear.
As you read the scroll labelled JABAMUDD ALOEVIMA, it crumbles to dust.
You feel strangely unstable.
It was a scroll of teleportation.
As you read the scroll labelled VIACSO RUEKO, it crumbles to dust.
You hear a loud clanging noise!
It was a scroll of noise.
It was a potion of lignification.
You turn into a tree.
Your +0 chain mail melds into your body.
Your roots penetrate the ground.
You feel strangely stable.
It was a potion of mutation.
You feel extremely strange.
You feel clumsy.
You start resting.
Your transformation is almost over.
You feel less wooden.
Your +0 chain mail unmelds from your body.
You start waiting.
Done waiting.
You start waiting.
Done waiting.
You start waiting.
Done waiting.
You start waiting.
Done waiting.
You start waiting.
Done waiting.
You start waiting.
Done waiting.
You start waiting.
Done waiting.
What level of the Dungeon? (default 1, ? - help)
You enter the shallow water.
Moving in this stuff is going to be slow.
There is a staircase leading out of the dungeon here.
You have escaped!

###~~~~~≈≈≈≈≈##
#...~~~~~≈≈≈##
#........~~≈≈#
#.........~≈≈#
#.........#≈≈≈#
#.........##≈≈#
#.........# #≈#
#.........# ##
#>.......@#
###########


There were no monsters in sight!

Vanquished Creatures
  2 dart slugs (D:1)
  3 endoplasms (D:1)
  A goblin (D:1)
  A hobgoblin (D:1)
  3 ball pythons (D:1)
  2 bats (D:1)
  3 frilled lizards (D:1)
  A kobold (D:1)
  A rat (D:1)
17 creatures vanquished.

Notes
Turn   | Place    | Note
-------+----------+-------------------------------------------
     0 | D:1      | Peloso the Minotaur Fighter began the quest for the Orb.
     0 | D:1      | Reached XP level 1. HP: 19/19 MP: 0/0
   172 | D:1      | Reached XP level 2. HP: 20/27 MP: 1/1
   671 | D:1      | Gained mutation: You are clumsy. (Dex -2) [potion of
                  | mutation]
  1409 | D:$      | Got out of the dungeon alive.

Illustrated notes

Levels and vault maps discovered:
D:1:      lemuel_arrival_river_ford, layout_rooms, palyth_stone_intersect,
          minmay_misc_feat_alley

Skill      XL: |  1  2 |
---------------+-------+-----
Shields        | 4 |  4.1
Fighting       | 4 |  4.0
Long Blades    | |  2.6
Armour         | |  3.9
Dodging        | |  0.2

Action                     || total
---------------------------++-------
  Melee: Long sword        ||    32
         Headbutt          ||    11
    Use: Scroll            ||     3
         Potion            ||     2
 Armour: Scale mail        ||     7
         Chain mail        ||    16
  Dodge: Dodged            ||     9
  Block: Buckler           ||     5
